 Dungeon Crawl Stone Soup version 0.28-a0-1518-gbe868bca14 (webtiles) character file.

Game seed: 16075872410368452733

609 Ijustatesigmund the Chopper (level 7, -4/63 HPs)
             Began as a Hill Orc Fighter on Jan 17, 2022.
             Slain by a phantom (6 damage)
             ... on level 6 of the Dungeon.
             The game lasted 00:07:25 (5046 turns).

Ijustatesigmund the Chopper (Hill Orc Fighter)      Turns: 5046, Time: 00:07:25

Health: -4/63      AC:  6    Str: 21    XL:     7   Next: 43%
Magic:  7/7        EV:  6    Int:  8    God:
Gold:   185        SH: 12    Dex: 10    Spells: 4/6 levels left

rFire   . . .      SeeInvis .   a - +0 war axe
rCold   . . .      Faith    .   c - +0 tower shield
rNeg    . . .      Spirit   .   b - +0 scale mail
rPois   .          Reflect  .   (no helmet)
rElec   .          Harm     .   (no cloak)
rCorr   .          Rampage  .   (no gloves)
Will    .....                   (no boots)
Stlth   ..........              (no amulet)
HPRegen 0.20/turn               (no ring)
MPRegen 0.10/turn               (no ring)

@: no status effects
A: no striking features
a: no special abilities


You were on level 6 of the Dungeon.
You visited 2 branches of the dungeon, and saw 7 of its levels.

You collected 197 gold pieces.
You spent 12 gold pieces at shops.

Inventory:

Hand Weapons
 a - a +0 war axe (weapon)
Missiles
 i - 2 curare-tipped darts (quivered)
Armour
 b - a +0 scale mail (worn)
 c - a +0 tower shield (worn)
Jewellery
 d - a ring of fire
 e - an amulet of regeneration
 n - a ring of fire
Potions
 f - a potion of magic
 h - a potion of flight
 l - a potion of lignification
 m - a potion of ambrosia
 o - a potion of mutation {unknown}


   Skills:
 + Level 6.0 Fighting
 + Level 7.2 Axes
 - Level 1.2 Throwing
 - Level 3.2 Armour
 + Level 5.3 Shields


You had 4 spell levels left.
You knew the following spells:

 Your Spells              Type           Power      Damage    Failure   Level
a - Blink                 Tloc           0%         N/A       100%        2

Your spell library contained the following spells:

 Spells                   Type           Power      Damage    Failure   Level
 Ensorcelled Hibernation  Hex/Ice        0%         N/A       100%        2
 Spider Form              Tmut/Pois      0%         N/A       100%        3
 Anguish                  Hex/Necr       0%         N/A       100%        4
 Manifold Assault         Tloc           0%         N/A       100%        5
 Storm Form               Tmut/Air       0%         N/A       100%        7


Dungeon Overview and Level Annotations

Branches:
Dungeon (6/15)             Temple (1/1) D:4

Altars:
Ashenzari
Dithmenos
Elyvilon
Gozag
Kikubaaqudgha
Makhleb
Nemelex Xobeh
Sif Muna
Trog
Vehumet
Xom
Zin

Shops:
D:2 *   D:4 :


Message History

You block the centaur's attack.
The shadow imp hits you but does no damage.
The phantom barely misses you.
You slash the centaur!
The centaur is heavily wounded.
You hit the phantom. You closely miss the shadow imp. The centaur hits you.
You block the centaur's attack. x2
The centaur kicks you but does no damage.
You block the shadow imp's attack. You block the phantom's attack.
You slash the centaur!
The centaur is almost dead.
You completely miss the phantom. You closely miss the shadow imp.
The centaur hits you but does no damage.
The centaur kicks you but does no damage.
You block the phantom's attack. You block the shadow imp's attack.
The centaur barely misses you. The centaur closely misses you.
The phantom hits you.
The phantom blinks!
You blink.
The shadow imp gestures at you. Pain shoots through your body!
The centaur wields a +0 shortbow.
The centaur shoots an arrow.
The arrow hits you.
The centaur shoots an arrow.
You block the arrow.
You barely miss the phantom.
The phantom is moderately damaged.
You block the phantom's attack. The shadow imp gestures at you.
Pain shoots through your body!
* * * LOW HITPOINT WARNING * * *
You hit the phantom.
The phantom is heavily damaged.
The centaur shoots an arrow.
You block the arrow. You block the phantom's attack. The phantom hits you.
* * * LOW HITPOINT WARNING * * *
The phantom blinks!
You blink.
The centaur shoots an arrow.
You block the arrow.
You hit the phantom but do no damage.
The phantom is heavily damaged.
The centaur shoots an arrow.
The arrow hits you.
* * * LOW HITPOINT WARNING * * *
The phantom hits you.
You die...

# ### #. .. ##.##.#
#.# .......##.##
#.........#
#.##......##
#.......# #....5.@#
#...c.W.# ##.....##
#+## #.####..<.#
...## #.........#
....#########.###
.....## ##.#.#
......####....####
......'.............


You could see a phantom, a centaur and a shadow imp.

Vanquished Creatures
  Eustachio (D:4)
  An ice beast (D:6)
  2 scorpions
  A hound (D:6)
  An iguana (D:5)
  7 adders
  4 gnolls (D:3)
  A white imp (D:4)
  An adder skeleton (D:4)
  4 worms
  2 orcs (D:3)
  9 ball pythons
  10 endoplasms
  2 giant cockroaches (D:3)
  10 goblins
  5 hobgoblins
  4 jackals (D:4)
  7 kobolds
  2 quokkas
  12 bats
  3 frilled lizards
  7 rats
96 creatures vanquished.

Vanquished Creatures (others)
  A fungus (D:2)
  A plant (D:5)
2 creatures vanquished.

Grand Total: 98 creatures vanquished

Notes
Turn   | Place    | Note
-------+----------+-------------------------------------------
     0 | D:1      | Ijustatesigmund the Hill Orc Fighter began the quest for
                  | the Orb.
     0 | D:1      | Reached XP level 1. HP: 19/19 MP: 1/1
   100 | D:1      | Reached skill level 3 in Axes
   192 | D:1      | Reached XP level 2. HP: 18/27 MP: 2/2
   764 | D:1      | Reached skill level 4 in Axes
   838 | D:1      | Reached XP level 3. HP: 31/33 MP: 3/3
  1567 | D:2      | Found a faded altar of an unknown god.
  1624 | D:2      | Found Virutsoj's General Store.
  1629 | D:2      | Bought a potion of degeneration for 12 gold pieces
  1895 | D:2      | Reached XP level 4. HP: 40/41 MP: 4/4
  2357 | D:3      | Noticed a scorpion
  2364 | D:3      | Killed a scorpion
  2365 | D:3      | Reached skill level 5 in Axes
  2365 | D:3      | Reached skill level 1 in Throwing
  2365 | D:3      | Reached XP level 5. HP: 46/47 MP: 5/5
  2467 | D:3      | Found an ancient bone altar of Kikubaaqudgha.
  2593 | D:3      | Reached skill level 5 in Fighting
  2597 | D:3      | Reached skill level 6 in Axes
  3315 | D:4      | Learned a level 2 spell: Blink
  3455 | D:4      | Reached XP level 6. HP: 56/56 MP: 6/6
  3639 | D:4      | Found a staircase to the Ecumenical Temple.
  3650 | Temple   | Entered the Ecumenical Temple
  3998 | D:4      | Found Jolich's Book Shoppe.
  4091 | D:4      | Noticed Eustachio
  4142 | D:4      | Killed Eustachio
  4556 | D:5      | Entered Level 5 of the Dungeon
  4611 | D:5      | Found a radiant altar of Vehumet.
  4630 | D:5      | Reached skill level 5 in Shields
  4630 | D:5      | Reached XP level 7. HP: 58/61 MP: 7/7
  4772 | D:5      | Found a bloodstained altar of Trog.
  4799 | D:6      | Reached skill level 7 in Axes
  4930 | D:6      | Found a sparkling altar of Nemelex Xobeh.
  5046 | D:6      | HP: 2/63 [centaur/arrow (5)]
  5046 | D:6      | Slain by a phantom

Illustrated notes

Levels and vault maps discovered:
D:1:      dpeg_arrival_refuge, layout_basic
D:2:      layout_basic, serial_shops, nicolae_shop_crystal,
          shapermc_ecumenical_altar_acropolis, minmay_close_crescents
D:3:      layout_basic, lemuel_doored_altar
D:4:      layout_loops_ring, minmay_temple_entry_gardened_gates, serial_shops,
          nicolae_shop_trees, uniq_eustachio
D:5:      layout_basic, tso_oasis_becter, nicolae_ru_awakened_eye,
          mainiacjoe_overflow_alcove_1, mainiacjoe_overflow_divided_tiny,
          minmay_ruined_shrine, uniq_duvessa, uniq_menkaure
D:6:      layout_loops_corners, mainiacjoe_overflow_concentric_impassable,
          enter_ossuary_3, uniq_blork_the_orc
Temple:   jpeg_temple_island

Skill      XL: |  1  2  3  4  5  6  7 |
---------------+----------------------+-----
Axes           | 3 4 5 6 7 |  7.2
Fighting       | 4 5 6 |  6.0
Throwing       | 1 |  1.2
Shields        | 5 |  5.3
Armour         | |  3.2

Action                   |  1- 3 |  4- 6 |  7- 9 || total
-------------------------+-------+-------+-------++-------
Melee: War axe           |   128 |   178 |    48 ||   354
Throw: Dart              |       |     6 |       ||     6
  Use: Scroll            |       |    12 |       ||    12
       Potion            |       |     2 |     2 ||     4
Armor: Scale mail        |    56 |    88 |    26 ||   170
Dodge: Dodged            |    59 |    68 |    17 ||   144
Block: Buckler           |    35 |    25 |       ||    60
       Tower shield      |       |    53 |    48 ||   101

Table legend: (Time is in decaauts)
 A = Elapsed time spent in this place.
 B = Non-inter-level travel time spent in this place.
 C = Inter-level travel time spent in this place.
 D = Time resting spent in this place.
 E = Time spent auto-exploring this place.
 F = Levels seen in this place.
 G = Mean time per level.
                   A        B        C        D        E       F      G
               +--------+--------+--------+--------+--------+-----+--------+
         Total |   5220 |   5103 |    117 |    590 |   3632 |   7 |  745.7 |
       Dungeon |   4946 |   4848 |     98 |    590 |   3382 |   6 |  824.3 |
        Temple |    274 |    255 |     19 |      0 |    250 |   1 |  274.0 |
               +--------+--------+--------+--------+--------+-----+--------+

Top non-repeatable levels by time:
     D:2: 1294 daAuts
     D:4: 1166 daAuts
     D:1: 1080 daAuts
     D:3: 887 daAuts
     D:6: 281 daAuts
  Temple: 274 daAuts
     D:5: 237 daAuts
